 Dungeon Crawl Stone Soup version 0.31-a0-263-ge8cad7f256 (webtiles) character file.

Game seed: 13200228597747219313

214 qw the Shooter (level 5, -6/32 HPs)
             Began as a Gargoyle Hexslinger on July 13, 2023.
             Mangled by Duvessa
             ... wielding a +0 short sword of freezing
              (7 damage)
             ... on level 4 of the Dungeon.
             The game lasted 00:00:48 (1995 turns).

qw the Shooter (Gargoyle Hexslinger)                Turns: 1995, Time: 00:00:48

Health: -6/32      AC:  8    Str: 12    XL:     5   Next: 91%
Magic:  6/6        EV: 11    Int: 13    God:
Gold:   59         SH:  0    Dex: 14    Spells: 5/6 levels left

rFire   . . .        Y - +3 sling
rCold   . . .        (no shield)
rNeg    + . .        b - +0 leather armour
rPois   inf          (no helmet)
rElec   +            (no cloak)
rCorr   .            (no gloves)
SInv    .            h - +0 pair of boots
Will    +....        (no amulet)
Stlth   +            d - ring of willpower
HPRegen 0.25/turn    (no ring)
MPRegen 0.10/turn

%: no passive effects
@: no status effects
A: sickness immunity, AC +4, negative energy resistance 1, electricity
resistance, torment resistance 1, petrification resistance
a: no special abilities


You were on level 4 of the Dungeon.
You visited 1 branch of the dungeon, and saw 4 of its levels.

You collected 149 gold pieces.
You spent 90 gold pieces at shops.


Innate Abilities, Weirdness & Mutations

You are immune to sickness and miasma.
Your stone body is resilient. (AC +4)
You are immune to poison.
You resist negative energy. (rN+)
You are resistant to electric shocks. (rElec)
You are resistant to unholy torment.
You are immune to petrification.


   Skills:
 - Level 3.5 Fighting
 + Level 5.0 Ranged Weapons
 - Level 1.5 Dodging
 - Level 1.0 Spellcasting
 - Level 2.6 Hexes


You had 5 spell levels left.
You knew the following spells:

 Your Spells              Type           Power      Damage    Failure   Level
a - Slow                  Hex            28%        N/A       12%         1

Your spell library contained the following spells:

 Spells                   Type           Power      Damage    Failure   Level
 Inner Flame              Hex/Fire       4%         N/A       52%         3
 Portal Projectile        Hex/Tloc       8%         N/A       52%         3
 Cause Fear               Hex            3%         N/A       75%         4

Inventory:

Hand Weapons
 Y - a +3 sling (weapon)
Armour
 b - a +0 leather armour (worn)
 h - a +0 pair of boots (worn)
Jewellery
 d - a ring of willpower (left hand)
Scrolls
 a - 2 scrolls of identify
Potions
 j - 3 potions of curing

Dungeon Overview and Level Annotations

Branches:
Dungeon (4/15)
 Temple: D:4-7

Altars:
Uskayaw
Zin

Annotations:
D:4 Dowan, Duvessa


Message History

You shoot a sling bullet. The sling bullet hits Duvessa.
Duvessa is heavily wounded.
You shoot a sling bullet.
The sling bullet closely misses Duvessa.
The sling bullet hits Dowan.
Dowan is lightly wounded.
You shoot a sling bullet. The sling bullet barely misses Duvessa.
The sling bullet closely misses Dowan.
Duvessa hits you with a +0 short sword of freezing.
Duvessa freezes you.
Dowan gestures wildly while chanting.
Dowan blinks!
You shoot a sling bullet. The sling bullet hits Duvessa.
Duvessa is heavily wounded.
Duvessa hits you with a +0 short sword of freezing.
Duvessa freezes you.
Dowan points at Duvessa and mumbles some strange words.
Duvessa seems to speed up.
You shoot a sling bullet.
The sling bullet hits Duvessa but does no damage.
Duvessa is heavily wounded.
Duvessa closely misses you.
Duvessa hits you with a +0 short sword of freezing.
Duvessa freezes you.
You shoot a sling bullet. The sling bullet hits Duvessa.
Duvessa is severely wounded.
Duvessa hits you with a +0 short sword of freezing.
Duvessa freezes you. Duvessa hits you but does no damage.
Dowan gestures wildly while chanting.
Dowan blinks!
You shoot a sling bullet. The sling bullet hits Duvessa.
Duvessa is severely wounded.
Duvessa hits you with a +0 short sword of freezing.
Duvessa freezes you. Duvessa hits you but does no damage.
You shoot a sling bullet.
The sling bullet hits Duvessa but does no damage.
Duvessa is severely wounded.
Duvessa hits you but does no damage.
Duvessa hits you with a +0 short sword of freezing!
You die...

########. .########
##........ ...#...
####...).##### ..#.##
#....#####...#####....#.##
#.##.'....._.)...'........
#.##.#####...#####.####.#.
#.##.....#####..........#
##.#####.........#.#######
...# ..##.##@#........
#### .##...e########.
#####.# ... ... .....
..... #......


You could see Duvessa (fast).

Vanquished Creatures
  A phantom (D:4)
  A scorpion (D:4)
  3 adders
  A worm (D:2)
  A dart slug (D:2)
  5 ball pythons
  7 bats
  6 endoplasms
  4 giant cockroaches
  2 goblins
  2 hobgoblins
  6 jackals
  3 kobolds
  A frilled lizard (D:1)
  3 rats (D:2)
46 creatures vanquished.

Notes
Turn   | Place    | Note
-------+----------+-------------------------------------------
     0 | D:1      | qw the Gargoyle Hexslinger began the quest for the Orb.
     0 | D:1      | Reached XP level 1. HP: 12/12 MP: 2/2
     0 | D:1      | 0 ||| qw: Version: 0.3-a-52-g30416fa
     0 | D:1      | 0 ||| qw: Game counter: 7440
     0 | D:1      | 0 ||| qw: Melee chars always use a shield: true
     0 | D:1      | 0 ||| qw: God list: Okawaru
     0 | D:1      | 0 ||| qw: Allow faded altars: false
     0 | D:1      | 0 ||| qw: Do Orc after clearing Dungeon:15 true
     0 | D:1      | 0 ||| qw: Do second Lair branch before Depths: true
     0 | D:1      | 0 ||| qw: Lair rune preference: random
     0 | D:1      | 0 ||| qw: Goals: Normal
     0 | D:1      | 0 ||| PLANNING D:1-11
   164 | D:1      | Reached XP level 2. HP: 16/16 MP: 3/3
   449 | D:1      | Found a faded altar of an unknown god.
   450 | D:1      | 450 ||| DROPPING amulet of magic regeneration.
   451 | D:1      | 451 ||| READING 2 scrolls labelled KIBRIECWOA.
   452 | D:1      | 452 ||| DROPPING scroll of poison.
   462 | D:2      | 462 ||| STAIRDANCE
   491 | D:2      | Reached skill level 3 in Ranged Weapons
   651 | D:2      | Reached XP level 3. HP: 21/21 MP: 4/4
  1170 | D:2      | 1170 ||| UPGRADING to +0 leather armour.
  1180 | D:2      | 1180 ||| DROPPING +0 robe.
  1181 | D:2      | 1181 ||| UPGRADING to +0 pair of boots.
  1186 | D:2      | 1186 ||| UPGRADING to ring of willpower.
  1187 | D:2      | 1187 ||| READING scroll labelled JEORRE ABUPOVE.
  1188 | D:2      | 1188 ||| READING scroll labelled PYKUNNE KUPOOS.
  1189 | D:2      | 1189 ||| READING 4 scrolls of identify.
  1189 | D:2      | 1189 ||| IDENTIFYING sedimented black potion
  1190 | D:2      | 1190 ||| READING 3 scrolls of identify.
  1190 | D:2      | 1190 ||| IDENTIFYING blue potion
  1191 | D:2      | 1191 ||| READING 2 scrolls of identify.
  1191 | D:2      | 1191 ||| IDENTIFYING green potion
  1192 | D:2      | 1192 ||| DROPPING potion of degeneration.
  1193 | D:2      | 1193 ||| DROPPING potion of brilliance.
  1240 | D:3      | Reached XP level 4. HP: 26/26 MP: 5/5
  1250 | D:3      | 1250 ||| READING scroll of enchant weapon.
  1250 | D:3      | 1250 ||| ENCHANTING +2 sling.
  1271 | D:3      | Reached skill level 4 in Ranged Weapons
  1565 | D:3      | Found Zin's Purification Station.
  1570 | D:3      | Found a glowing silver altar of Zin.
  1573 | D:3      | 1573 ||| BUYING potion of curing (90 gold).
  1573 | D:3      | Bought a potion of curing for 90 gold pieces
  1810 | D:3      | 1810 ||| READING scroll labelled ZUSMEA XUCOEK.
  1811 | D:3      | 1811 ||| READING scroll labelled DAEXUI IQUTE.
  1812 | D:3      | 1812 ||| READING 2 scrolls of identify.
  1812 | D:3      | 1812 ||| IDENTIFYING fuming puce potion
  1813 | D:3      | 1813 ||| DROPPING potion of ambrosia.
  1832 | D:4      | Noticed a scorpion
  1839 | D:4      | Killed a scorpion
  1840 | D:4      | Reached skill level 5 in Ranged Weapons
  1840 | D:4      | Reached XP level 5. HP: 24/30 MP: 6/6
  1871 | D:4      | Noticed a phantom
  1884 | D:4      | Killed a phantom
  1885 | D:4      | Reached skill level 3 in Fighting
  1954 | D:4      | Found a hide-covered altar of Uskayaw.
  1984 | D:4      | Noticed Duvessa
  1984 | D:4      | Noticed Dowan
  1993 | D:4      | HP: 7/32 [Duvessa/+0 short sword of freezing (6)]
  1994 | D:4      | HP: 2/32 [Duvessa/+0 short sword of freezing (4)]
  1995 | D:4      | Mangled by Duvessa

Levels and vault maps discovered:
D:1:      minmay_arrival_doors, layout_rooms,
          hellmonk_ecumenical_altar_leap_of_faith,
          chequers_serial_rivers_micro_e
D:2:      layout_basic, minmay_strange_pillars
D:3:      layout_basic, zin_purify, minmay_fountain_box, glass_columns_c,
          minmay_misc_feat_encased
D:4:      layout_basic, mainiacjoe_overflow_surrounded_room, uniq_duvessa,
          uniq_blork_the_orc, uniq_crazy_yiuf_cottage

Skill      XL: |  1  2  3  4  5 |
---------------+----------------+-----
Ranged Weapons | 3 5 |  5.0
Fighting       | 2 3 |  3.5
Dodging        | |  1.5
Spellcasting   | |  1.0
Hexes          | |  2.6

Action                     |  1- 3 |  4- 6 || total
---------------------------+-------+-------++-------
   Fire: Sling             |   116 |    62 ||   178
    Use: Scroll            |     6 |     4 ||    10
 Armour: Robe              |    22 |       ||    22
         Leather armour    |     9 |    16 ||    25
  Dodge: Dodged            |    37 |    23 ||    60

Table legend:
 A = Non-vault XP
 B = Vault XP
 C = Vault XP percentage of total XP
 D = Non-vault monster count
 E = Vault monster count
 F = Vault count percentage of total count
                 A         B        C        D         E       F
            +---------+---------+-------+---------+---------+-------
      Total |     306 |       0 |   0.0 |      46 |       0 |   0.0
            +---------+---------+-------+---------+---------+-------
        D:1 |      18 |       0 |   0.0 |      11 |       0 |   0.0
        D:2 |      58 |       0 |   0.0 |      24 |       0 |   0.0
        D:3 |      36 |       0 |   0.0 |       8 |       0 |   0.0
        D:4 |     194 |       0 |   0.0 |       3 |       0 |   0.0
            +---------+---------+-------+---------+---------+-------
